AoeStats
← Lucas Grijander

Hideout

510123927Analyzed
1v1 RM · 2d ago on Sep 29, 2026· 47m 14s· 2 players
Game mode
Random Map
Map size
Tiny (2 player)
Population
200
Speed
Normal
Resources
Standard
Victory
Conquest
Starting age
Dark Age
Ending age
Imperial Age
RankedLock teamsTeams togetherTeam positionsShared explorationLock speedFull tech treeHidden civsTurbo modeCheats
Victory
Defeat
🇪🇸 Saxons · Spain
842
+16
🇵🇱 Saracens · Poland
836
-16
Grubrun2970
5:29 Loom
11:03 Feudal Age
13:23 Town Watch
20:07 Castle Age
18:58 Double-Bit Axe
19:00 Horse Collar
21:02 Fletching
21:10 Pikeman
23:22 Bodkin Arrow
24:43 Crossbowman
25:30 Squires
25:34 Padded Archer Armor
25:48 Forging
27:33 Heavy Plow
29:53 Bow Saw
33:01 Wheelbarrow
32:26 Town Patrol
32:47 Thumb Ring
33:58 Bloodlines
33:48 Husbandry
34:28 Iron Casting
33:43 Elite Skirmisher
35:22 Hand Cart
38:40 Leather Archer Armor
38:31 Scale Barding Armor
40:31 Bimaristan
43:22 Imperial Age
42:22 Man-at-Arms
42:48 Gambesons
44:28 Long Swordsman
45:42 Two-Handed Swordsman
Lucas Grijander
4:01 Loom
11:22 Feudal Age
15:08 Castle Age
14:23 Double-Bit Axe
14:23 Horse Collar
16:38 Wheelbarrow
22:33 Hand Cart
22:38 Heavy Plow
23:16 Bow Saw
24:10 Fletching
26:22 Gold Mining
30:19 Imperial Age
27:48 Stone Mining
28:36 Gold Shaft Mining
28:19 Squires
28:08 Gambesons
28:25 Scale Mail Armor
28:35 Forging
28:21 Bodkin Arrow
29:06 Town Watch
30:23 Shield Wall
33:00 Chemistry
33:17 Two-Man Saw
32:49 Arson
33:21 Chain Mail Armor
33:42 Iron Casting
33:32 Pikeman
34:15 Murder Holes
35:02 Plate Mail Armor
34:34 Bracer
36:03 Crop Rotation
36:12 Elite Varangian Guard
37:43 Ballistics
37:29 Siege Engineers
37:29 Elite Hearth Troop
38:45 Halberdier
39:50 Masonry
Connection lost

Rejoining the realm…

Still unreachable

The connection could not be restored.

Session expired

The server has moved on; the page needs a fresh start.